 Dungeon Crawl Stone Soup version 0.26.1-11-gd32895ea62 (webtiles) character file.

Game seed: 8114099720523826764

536 ubername the Chiller (level 7, -1/47 HPs)
             Began as a Barachi Ice Elementalist on June 23, 2021.
             Was an Initiate of Vehumet.
             Killed by divine providence
             ... invoked by an orc priest
              (11 damage)
             ... on level 5 of the Dungeon.
             The game lasted 00:12:17 (6297 turns).

ubername the Chiller (Barachi Ice Elementalist)     Turns: 6297, Time: 00:12:18

Health: -1/47      AC: 14    Str:  9    XL:     7   Next: 25%
Magic:  6/12       EV: 13    Int: 18    God:    Vehumet [......]
Gold:   164        SH:  0    Dex: 12    Spells: 6/13 levels left

rFire    . . .     SeeInvis .   f - +1 whip (freeze)
rCold    . . .     Faith    .   (no shield)
rNeg     . . .     Spirit   .   a - +1 robe
rPois    .         Reflect  .   d - +1 helmet
rElec    .         Harm     .   (no cloak)
rCorr    .         Rampage  .   b - +0 pair of gloves
Will     .....                  p - +0 pair of boots
Stlth    ++........             (no amulet)
HPRegen  0.15/turn              (no ring)
MPRegen  0.13/turn              (no ring)

@: icy armour, frozen ramparts, slowed, very slow
A: +LOS, swims, slowness 1, strong legs 1
a: Hop, Renounce Religion


You were on level 5 of the Dungeon.
You worshipped Vehumet.
Vehumet was noncommittal.
You visited 2 branches of the dungeon, and saw 6 of its levels.

You collected 164 gold pieces.

Inventory:

Hand Weapons
 f - a +1 whip of freezing (weapon)
 h - a +0 hunting sling
Missiles
 c - 7 silver javelins
 g - 13 poisoned darts
 k - 12 boomerangs (quivered)
Armour
 a - a +1 robe (worn)
 b - a +0 pair of gloves (worn)
 d - a +1 helmet (worn)
 p - a +0 pair of boots (worn)
Wands
 m - a wand of iceblast (2)
Scrolls
 e - 3 scrolls of remove curse
 i - 3 scrolls of identify
 n - a scroll of teleportation
Potions
 j - a potion of heal wounds
 l - 2 potions of haste {unknown}
 o - a potion of attraction {unknown}


   Skills:
 + Level 0.4 Fighting
 + Level 1.2 Maces & Flails
 + Level 1.8 Throwing
 + Level 3.0 Dodging
 + Level 2.7 Stealth
 + Level 3.7 Spellcasting
 * Level 2.0 Conjurations
 * Level 1.7 Hexes
 * Level 7.3 Ice Magic


You had 6 spell levels left.
You knew the following spells:

 Your Spells              Type           Power        Failure   Level
a - Freeze                Ice            100%         1%          1
b - Frozen Ramparts       Ice            58%          2%          3
c - Ozocubu's Armour      Ice            29%          2%          3

Your spell library contained the following spells:

 Spells                   Type           Power        Failure   Level
 Hailstorm                Conj/Ice       20%          22%         4
 Summon Ice Beast         Ice/Summ       16%          32%         4


Dungeon Overview and Level Annotations

Branches:
Dungeon (5/15)             Temple (1/1) D:4

Altars:
Ashenzari
Elyvilon
Fedhas
Gozag
Hepliaklqana
Kikubaaqudgha
Makhleb
Nemelex Xobeh
Okawaru
Ru
Trog
Vehumet
Wu Jian
Yredelemnul
Zin
The Shining One


Innate Abilities, Weirdness & Mutations

You can be seen from farther away. (+LOS)
You can swim through water.
You cover ground slowly.
You can hop short distances.


Message History

Beogh smites you!
* * * LOW HITPOINT WARNING * * *
The wall freezes the worker ant.
The worker ant bites you but does no damage.
The wall freezes the orc wizard!
You kill the orc wizard!
Vehumet accepts your kill.
Casting: Ozocubu's Armour (dangerous; 2% risk of failure)
Confirm with . or Enter, or press ? or * to list all spells.
Aiming: Freeze (safe; 1% risk of failure)
Press: ? - help, Shift-Dir - straight line, f - adder skeleton
Aim: an adder skeleton (lightly damaged)
The adder skeleton resists.
You freeze the adder skeleton.
The adder skeleton is lightly damaged.
The wall freezes the worker ant.
The worker ant bites you but does no damage.
The wall freezes the orc priest!
The orc priest calls down the wrath of Beogh upon you.
Beogh smites you!
You die...

.......### .# ##
###..........#.# ..##
#.<....####.... #....#
#..............$.....##
#......................##
.....§#.......##.##......#
......#..........#.......#
...............Z.........#
.....#.........#@#.....#
..... #.Z.<....#B#.._..#
.?...#........#..o.....#
##.......##.......#
#........#o#.§.###
........#.......#
........###.##.....
.......... #..##.....
.........## ....#......


You could see a worker ant, an orc priest, an orc wizard and an adder skeleton.

Vanquished Creatures
  An ogre (D:4)
  A phantom (D:4)
  A scorpion (D:4)
  2 howler monkeys (D:4)
  2 orc wizards
  A worker ant (D:4)
  4 gnolls (D:2)
  2 adders
  An adder skeleton (D:4)
  3 worms
  A leopard gecko (D:2)
  5 orcs
  A ball python (D:3)
  10 bats
  6 giant cockroaches
  10 goblins
  12 hobgoblins
  4 jackals (D:3)
  5 quokkas
  3 frilled lizards
  11 kobolds
  A quokka skeleton (D:4)
  5 rats
92 creatures vanquished.

Notes
Turn   | Place    | Note
-------+----------+-------------------------------------------
     0 | D:1      | ubername the Barachi Ice Elementalist began the quest for
                  | the Orb.
     0 | D:1      | Reached XP level 1. HP: 13/13 MP: 3/3
   191 | D:1      | Reached skill level 5 in Ice Magic
   275 | D:1      | Reached XP level 2. HP: 19/19 MP: 1/5
   797 | D:1      | Reached XP level 3. HP: 24/24 MP: 6/6
  1331 | D:2      | Reached skill level 1 in Throwing
  1333 | D:2      | HP: 1/24 [gnoll/+0 halberd (9)]
  1753 | D:2      | Learned a level 3 spell: Frozen Ramparts
  1757 | D:2      | Learned a level 3 spell: Ozocubu's Armour
  2111 | D:2      | Reached XP level 4. HP: 30/30 MP: 0/7
  2608 | D:2      | You fall into a shaft and drop 1 floor!
  2619 | D:3      | Found a glowing silver altar of Zin.
  3015 | D:2      | Reached skill level 6 in Ice Magic
  3410 | D:3      | Reached XP level 5. HP: 35/35 MP: 3/9
  4311 | D:3      | Found a sparkling altar of Nemelex Xobeh.
  5202 | D:4      | Reached skill level 1 in Maces & Flails
  5202 | D:4      | Reached skill level 1 in Hexes
  5202 | D:4      | Reached XP level 6. HP: 42/42 MP: 6/11
  5424 | D:4      | Reached skill level 1 in Conjurations
  5477 | D:4      | Found a staircase to the Ecumenical Temple.
  5500 | Temple   | Entered the Ecumenical Temple
  5503 | Temple   | Became a worshipper of Vehumet
  5858 | D:4      | Reached skill level 7 in Ice Magic
  6063 | D:5      | Entered Level 5 of the Dungeon
  6063 | D:5      | Noticed a phantom
  6076 | D:5      | Found an iron altar of Okawaru.
  6160 | D:4      | Killed a phantom
  6161 | D:4      | Reached XP level 7. HP: 31/47 MP: 2/12
  6297 | D:5      | Killed from afar by an orc priest

Illustrated notes

Levels and vault maps discovered:
D:1:      lemuel_arrival_rhombus, layout_basic
D:2:      layout_basic
D:3:      layout_rooms, old_standard_altar, nemelex_lonely_heart_becter
D:4:      layout_rooms, minmay_temple_entry_statues_fountains
D:5:      layout_cave_pools, basic_altar
Temple:   dpeg_three_leaves_temple

Skill      XL: |  1  2  3  4  5  6 |
---------------+-------------------+-----
Ice Magic      | 5 6 7 |  7.3
Throwing       | 1 |  1.8
Stealth        | 2 |  2.7
Spellcasting   | 3 |  3.7
Maces & Flails | 1 |  1.2
Hexes          | 1 |  1.7
Conjurations   | 2 |  2.0
Dodging        | 3 |  3.0
Fighting       | |  0.4

Action                   |  1- 3 |  4- 6 |  7- 9 || total
-------------------------+-------+-------+-------++-------
Melee: Unarmed           |     1 |       |       ||     1
       Whip              |    50 |    24 |       ||    74
Throw: Stone             |     6 |       |       ||     6
       Dart              |    19 |    26 |       ||    45
       Boomerang         |       |    22 |       ||    22
 Cast: Freeze            |    27 |     8 |     1 ||    36
       Frozen Ramparts   |     3 |    26 |     1 ||    30
       Ozocubu's Armour  |     1 |     7 |     1 ||     9
  Use: Scroll            |     1 |     5 |       ||     6
       Potion            |     1 |     2 |       ||     3
Armor: Robe              |    37 |    26 |     6 ||    69
Dodge: Dodged            |    75 |    59 |     3 ||   137
